[Event "*** Titled Tuesday Blitz"]
[Site "Chess.com"]
[Date "2020.05.26"]
[Round "8"]
[White "IMinTheWings"]
[Black "Chigorinetz"]
[Result "0-1"]
[WhiteElo "2144"]
[BlackElo "2514"]
[TimeControl "180+1"]
[EndTime "11:41:18 PDT"]
[Termination "Chigorinetz won on time"]

1. c4 g6 2. Nc3 Bg7 3. d4 d6 4. e4 e5 5. d5 a5 6. Be2 Na6 7. Be3 f5 8. exf5 gxf5 9. Bh5+ Kf8 10. f4 Nf6 11. Be2 e4 12. Nh3 Qe7 13. O-O Bd7 14. Nf2 Kf7 15. Kh1 b6 16. g4 fxg4 17. Nxg4 Rag8 18. Rg1 Nc5 19. Bxc5 bxc5 20. Qc2 Nxg4 21.
Bxg4 Bxg4 22. Rxg4 Bxc3 23. Rxg8 Rxg8 24. bxc3 Re8 25.
Rg1 Qf6 26. Qg2 e3 27. Qg4 e2 28. Qh5+ Kf8 29. Qxh7 Qf7 30. Qh6+ Ke7 31. Qh4+ Kd7 32. Qg4+ Kd8 33. Re1 Qe7 34. Kg1 Qe3+ 35. Kh1 Qe4+ 36. Kg1 Qe3+ 37. Kh1 Qf2 38. Qg5+ Kc8 39. Qg4+ Kd8 40.
Qg1 Qf3+ 41. Qg2 Qxf4 42. Rxe2 Qc1+ 43. Qg1 Qxg1+ 44. Kxg1 Rxe2 0-1

[Event "*** Titled Tuesday Blitz"]
[Site "Chess.com"]
[Date "2020.05.26"]
[Round "8"]
[White "Dmitry_Konenkin"]
[Black "Ariadna_Atreides"]
[Result "1-0"]
[WhiteElo "2269"]
[BlackElo "2076"]
[TimeControl "180+1"]
[EndTime "11:41:18 PDT"]
[Termination "Dmitry_Konenkin won on time"]

1. d4 e6 2. Nc3 Bb4 3. Bf4 d5 4. Qd3 Nf6 5. a3 Bd6 6. e3 a6 7. O-O-O c5 8. dxc5 Bxc5 9. e4 d4 10. Nce2 Nc6 11. Nf3 Ng4 12. Bg3 O-O 13. h3 Nf6 14.
Nexd4 Nxd4 15. Nxd4 Qb6 16. c3 Rd8 17. f3 Bd7 18. Qc2 Rac8 19. Kb1 Be8 20. Bf2 e5 21. Qb3 exd4 22. Qxb6 Bxb6 23. cxd4 Ba4 24. Rd2 Bb3 25. Bd3 Rd7 26. Rc1 Rxc1+ 27. Kxc1 Bc7 28. Bc2 Bxc2 29. Kxc2 Bf4 30. Rd1 Rc7+ 31. Kd3 Nd7 32. e5 Kf8 33. g3 Bg5 34. f4 Be7 35. Ke4 Nb6 36. b3 g6 37. d5 f5+ 38. exf6 Bd6 39. Bxb6 Rc3 40. b4 Rxg3 41. Bc5 Bxc5 42. bxc5 Rc3 43. d6 1-0

[Event "*** Titled Tuesday Blitz"]
[Site "Chess.com"]
[Date "2020.05.26"]
[Round "8"]
[White "miroslavsavic"]
[Black "krasavetc"]
[Result "0-1"]
[WhiteElo "2057"]
[BlackElo "2254"]
[TimeControl "180+1"]
[EndTime "11:41:18 PDT"]
[Termination "krasavetc won by checkmate"]

1. Nf3 Nf6 2. c4 g6 3. Nc3 Bg7 4. e4 d6 5. d4 O-O 6. Be2 c5 7. O-O cxd4 8. Nxd4 Nc6 9. Be3 a6 10. f3 Bd7 11. Rc1 Ne5 12. h3 Rc8 13. b3 Nc6 14.
Qd2 Qa5 15. Rfd1 Qh5 16. f4 Qa5 17. Bf3 Rfd8 18. g4 e5 19. Nxc6 bxc6 20. f5 Be8 21. g5 Nh5 22. Bxh5 gxh5 23. f6 Bf8 24. Qe2 Bd7 25. Qxh5 Be6 26. h4 d5 27. cxd5 cxd5 28. Nxd5 Rxc1 29. Rxc1 Bxd5 30. exd5 Qxd5 31. Qe2 Qe4 32.
Rc4 Qb1+ 33. Rc1 Qf5 34. Rf1 Qe4 35. Qf3 Qxh4 36. Rd1 Rxd1+ 37. Qxd1 Qg3+ 38. Kf1 Qxe3 39. Qh5 Qf4+ 40. Ke2 e4 41. Ke1 Bb4+ 42. Kd1 Qd2# 0-1

[Event "*** Titled Tuesday Blitz"]
[Site "Chess.com"]
[Date "2020.05.26"]
[Round "8"]
[White "jacky72"]
[Black "mishikomchedlishvili"]
[Result "1-0"]
[WhiteElo "2672"]
[BlackElo "2813"]
[TimeControl "180+1"]
[EndTime "11:41:21 PDT"]
[Termination "jacky72 won on time"]

1. d4 Nf6 2. c4 e6 3. Nf3 b6 4. g3 Bb4+ 5. Bd2 a5 6. Bg2 Bb7 7. O-O O-O 8. Bf4 Be7 9. Nc3 Ne4 10. Qc2 Nxc3 11. Qxc3 d6 12. Rfe1 Be4 13. Bh3 Nd7 14.
Nd2 Bb7 15. e4 e5 16. dxe5 dxe5 17. Be3 Bb4 18. Qc2 Nc5 19. Red1 Qd3 20. Qxd3 Nxd3 21.
Rab1 Bxd2 22. Rxd2 Bxe4 23. f3 Bg6 24. Rbd1 Nb4 25.
a3 Na6 26. Bd7 Rad8 27. Bg5 Rxd7 28. Rxd7 f6 29. Be3 Bc2 30. R1d2 Bb3 31. c5 bxc5 32.
Rd8 a4 33. Kf2 c6 34. Rxf8+ Kxf8 35. Rd8+ Kf7 36. Ra8 Bc4 37. Ra7+ Kg6 38. g4 h6 39. h4 Bb5 40. h5+ Kh7 41. Ke1 Kg8 42. Bd2 Kh7 43. Kf2 c4 44. Be3 Nb8 45. Rb7 Na6 46. Bb6 Kg8 47. Ra7 Kf8 48. Ke3 Kg8 49. Ke4 Kh7 50. Kf5 c5 51. Ke6 Nb8 52. Bxc5 Nc6 53. Rc7 Nd4+ 54. Kd5 1-0

[Event "*** Titled Tuesday Blitz"]
[Site "Chess.com"]
[Date "2020.05.26"]
[Round "8"]
[White "aleksandrovaleksei"]
[Black "GrafLermontov"]
[Result "0-1"]
[WhiteElo "2669"]
[BlackElo "2499"]
[TimeControl "180+1"]
[EndTime "11:41:21 PDT"]
[Termination "GrafLermontov won on time"]

1. d4 Nf6 2. c4 g6 3. Nc3 d5 4.
cxd5 Nxd5 5. Bd2 Nb6 6. e3 Bg7 7. f4 Nc6 8. Nf3 O-O 9. Be2 Nb4 10. O-O N4d5 11. Ne4 c6 12. Rc1 Nf6 13. Nc5 Nbd7 14.
Nb3 a5 15. a4 Ne4 16. Be1 Ndf6 17. Ne5 Nd5 18. Bd2 Qb6 19. Nc4 Qa7 20. Ncxa5 Nxd2 21. Qxd2 Bd7 22. Bf3 Nb6 23. Ra1 Be6 24. Rfc1 Rfd8 25.
h3 Bd5 26. Be2 Bxb3 27. Nxb3 Nd5 28. Kh2 Nf6 29. Bf3 Nd7 30. a5 Qa6 31. Be2 Qa7 32.
Qb4 Nf6 33. Bf3 Nd5 34. Qd2 Nc7 35. Nc5 Na6 36. Nxa6 Qxa6 37. Qb4 e6 38. Rc2 Bf8 39.
Qb3 Bd6 40. h4 h6 41. g3 Qa7 0-1

[Event "*** Titled Tuesday Blitz"]
[Site "Chess.com"]
[Date "2020.05.26"]
[Round "8"]
[White "Xeniya2005"]
[Black "LuckSlayeer"]
[Result "0-1"]
[WhiteElo "2290"]
[BlackElo "2473"]
[TimeControl "180+1"]
[EndTime "11:41:21 PDT"]
[Termination "LuckSlayeer won on time"]

1. e4 c5 2. Nf3 Nc6 3. d4 cxd4 4. Nxd4 e5 5. Nb5 d6 6. N1c3 a6 7. Na3 b5 8. Nd5 Nce7 9. c4 Nxd5 10. cxd5 f5 11.
exf5 Nf6 12. Nc2 Bxf5 13. Ne3 Bd7 14. Be2 Be7 15. O-O O-O 16. Bd2 Rc8 17. Bc3 Ne4 18. Rc1 Qb6 19. Bf3 Nxf2 20. Kxf2 Bg5 21. Qd2 b4 22. Bxb4 e4 23. Ba5 Qa7 24. Rxc8 Bxc8 25. Bc3 exf3 26. gxf3 Bg4 27. Ke2 Bh5 28. Qd4 Qe7 29.
Kd2 Rxf3 30. Rxf3 Bxf3 31. Kd3 Bh5 32. Nf5 Bg6 33. Qe4 Qd7 34. Kd4 Bxf5 35. Qg2 Bf6+ 36.
Kc4 Qc7+ 37. Kb3 Qb7+ 38. Ka3 Bxc3 39. bxc3 Bd3 40. Qf3 Bc4 0-1

[Event "*** Titled Tuesday Blitz"]
[Site "Chess.com"]
[Date "2020.05.26"]
[Round "8"]
[White "TregubovP"]
[Black "diablanni"]
[Result "1-0"]
[WhiteElo "2558"]
[BlackElo "2322"]
[TimeControl "180+1"]
[EndTime "11:41:21 PDT"]
[Termination "TregubovP won by checkmate"]

1. e4 c5 2. Nf3 Nc6 3. c3 Nf6 4. e5 Nd5 5. d4 cxd4 6. cxd4 e6 7. Bc4 d6 8. O-O Be7 9. Qe2 O-O 10. Rd1 Na5 11. Bd3 Nb4 12. Nc3 Nxd3 13. Rxd3 d5 14. Ne1 g6 15. Bh6 Re8 16. Rh3 Bd7 17. Nf3 Rc8 18.
Qe3 Nc4 19. Qf4 Nxb2 20. Ng5 Rf8 21. Nxh7 Rxc3 22. Rxc3 Kxh7 23. Rh3 Kg8 24. Rb1 Nc4 25. Bxf8 Bxf8 26. Rxb7 Qa5 27. Qc1 Bc8 28. Rb8 Qc7 29. Rbb3 Bg7 30. Rhd3 a5 31. h4 Ba6 32. h5 a4 33. Rb4 Bf8 34. Rxa4 Bb5 35. Ra8 Qb7 36. Rxf8+ Kxf8 37. Qh6+ Ke7 38. hxg6 Nxe5 39. Rg3 Nxg6 40. Rxg6 Bd3 41. Rg7 Qb1+ 42. Kh2 Bg6 43. Qh4+ Kd6 44. Qd8+ Kc6 45. Rg8 Qe4 46. Qc8+ Kd6 47. Qd8+ Kc6 48. Qc8+ Kd6 49. Qb8+ Ke7 50. Qd8# 1-0

[Event "*** Titled Tuesday Blitz"]
[Site "Chess.com"]
[Date "2020.05.26"]
[Round "8"]
[White "thedjoker98"]
[Black "chenrip"]
[Result "1/2-1/2"]
[WhiteElo "2470"]
[BlackElo "2302"]
[TimeControl "180+1"]
[EndTime "11:41:24 PDT"]
[Termination "Game drawn - insufficient material"]

1. d4 Nf6 2. c4 e6 3. Nc3 Bb4 4. g3 O-O 5. Bg2 d5 6. Nf3 Nc6 7. O-O dxc4 8. Qa4 Bd7 9. Bg5 Bxc3 10. bxc3 Nxd4 11. Qxc4 Nf5 12. Ne5 Nd6 13. Qh4 Bb5 14. Ng4 Nde8 15. Bxb7 Rb8 16. Rfd1 Qe7 17. Bf3 e5 18. Rab1 Qe6 19. a4 Bxa4 20. Rxb8 Bxd1 21. Nxf6+ Nxf6 22. Qb4 Qd6 23. Rxf8+ Qxf8 24. Qa5 Qd6 25.
Qxa7 h6 26. Bxf6 gxf6 27. Qa8+ Kg7 28. Kg2 Bc2 29. Qd5 Qxd5 30. Bxd5 f5 31. f4 exf4 32. gxf4 Be4+ 33. Bxe4 fxe4 34. Kf2 Kf6 35. e3 Ke6 36. Kg3 f5 37. Kh4 Kd5 38. Kh5 Kc4 39. Kxh6 Kd3 40. Kg5 Kxe3 41. h4 Kf3 42. h5 e3 43. h6 e2 44. h7 e1=Q 45. h8=Q Qg3+ 46. Kxf5 Qxf4+ 47. Ke6 Qc4+ 48. Kd7 Ke3 49. Qe5+ Kd2 50. Qd4+ Qxd4+ 51. cxd4 Kd3 52. d5 Kd4 53. d6 cxd6 54. Kxd6 1/2-1/2

[Event "*** Titled Tuesday Blitz"]
[Site "Chess.com"]
[Date "2020.05.26"]
[Round "8"]
[White "Pavalamalli"]
[Black "DivyaDeshmukh23"]
[Result "0-1"]
[WhiteElo "2281"]
[BlackElo "2432"]
[TimeControl "180+1"]
[EndTime "11:41:24 PDT"]
[Termination "DivyaDeshmukh23 won by resignation"]

1. e4 c5 2. Nf3 d6 3. d4 cxd4 4. Nxd4 Nf6 5. Bc4 Nc6 6. Nxc6 bxc6 7. O-O e6 8. Nc3 Be7 9. Re1 O-O 10. e5 dxe5 11.
Qxd8 Rxd8 12. Rxe5 h6 13. Bf4 Rd4 14. Rd1 Rxc4 15. Be3 Ng4 16. Ra5 Nxe3 17. fxe3 Bf6 18. Rd3 e5 19. e4 Be6 20. b3 Rd4 21. Ne2 Rxd3 22. cxd3 Bg4 23. Kf2 Bxe2 24. Kxe2 Kf8 25.
Ra6 Ke7 26. Rxc6 Kd7 27. Ra6 Bd8 28. Ra4 Bb6 29. Kd2 Rc8 30. b4 Kc6 31. Kc3 Kb5+ 32.
Kb3 Rc1 33. Ra3 Rb1+ 34. Kc2 Rxb4 35. Rc3 Bd4 36. Rc8 Rb2+ 37. Kc1 Rxg2 38. Rb8+ Ka4 39. Rf8 f6 40. Rf7 Rxh2 41. Rxg7 Rxa2 42. Rg6 h5 43. Rxf6 h4 44. Rh6 Rh2 45. Kd1 Kb3 46. Ke1 a5 0-1

[Event "*** Titled Tuesday Blitz"]
[Site "Chess.com"]
[Date "2020.05.26"]
[Round "8"]
[White "lupta_robin"]
[Black "Ceejay271"]
[Result "1-0"]
[WhiteElo "2613"]
[BlackElo "2403"]
[TimeControl "180+1"]
[EndTime "11:41:25 PDT"]
[Termination "lupta_robin won by resignation"]

1. e4 c5 2. b3 d5 3. exd5 Qxd5 4. Nc3 Qd8 5. Bb5+ Bd7 6. Qe2 Nf6 7. Bb2 e6 8. O-O-O Be7 9. d4 a6 10. Bxd7+ Nbxd7 11. Nf3 cxd4 12. Rxd4 Qc7 13. Rhd1 O-O 14. Kb1 Rfd8 15. Ne4 Nxe4 16. Qxe4 Bf6 17. R4d2 Bxb2 18.
Kxb2 Nf6 19. Qf4 Qe7 20. Qb4 Qf8 21. Rxd8 Rxd8 22. Rxd8 Qxd8 23. Qxb7 a5 24. a4 Nd5 25. Ne5 Qf8 26. Qa7 f6 27. Nd3 Qd8 28. Nc5 Nf4 29.
Qd7 Qxd7 30. Nxd7 Kf7 31. g3 Nd5 32. Nc5 Nb4 33. c3 Nc6 34. Ka3 Ke7 35. b4 Kd6 36. Kb3 f5 37. Kc4 e5 38. Nb7+ Kc7 39.
Nxa5 Ne7 40. Kc5 e4 41. Nc4 g5 42. b5 f4 43. gxf4 gxf4 44. Kd4 e3 45. fxe3 f3 46. Ke4 f2 47. Nd2 Ng6 48. Kf3 Ne5+ 49. Kxf2 Nd3+ 50. Kf3 Kb6 51. Ke4 Nc5+ 52. Kd5 Nxa4 53. c4 Nc5 54. e4 Nd3 55. e5 Nf4+ 56. Kd6 Kb7 57. e6 Ng6 58. e7 Nxe7 59. Kxe7 1-0

[Event "*** Titled Tuesday Blitz"]
[Site "Chess.com"]
[Date "2020.05.26"]
[Round "8"]
[White "anon569"]
[Black "ErikBlomqvist"]
[Result "0-1"]
[WhiteElo "2282"]
[BlackElo "2475"]
[TimeControl "180+1"]
[EndTime "11:41:25 PDT"]
[Termination "ErikBlomqvist won by checkmate"]

1. e4 c5 2. Nf3 e6 3. d4 cxd4 4. Nxd4 a6 5. Bd3 Bc5 6. Nb3 Ba7 7. Qg4 Nf6 8. Qg3 d6 9. Nc3 Nc6 10. O-O b5 11. Qxg7 Rg8 12. Qh6 Ne5 13. Bf4 Rg6 14. Qh3 Bb7 15. Rad1 Qc7 16. Bxb5+ Ke7 17. Bd3 Rag8 18. Bg3 h5 19. Kh1 Nfg4 20. Ne2 Ke8 21. Nbd4 Qb6 22. f4 Nxd3 23. Rxd3 Bxe4 24. Rb3 Qc7 25. f5 Rf6 26. Rc3 Qb7 27. Rb3 Qc7 28.
Bh4 e5 29. Bxf6 Nxf6 30. Nf3 Qxc2 31. Rc3 Qxe2 32. Re1 Qf2 33. Rc8+ Kd7 34. Rxg8 Bxf3 35. Rc1 Nxg8 36. Qxf3 Qxf3 37. gxf3 Ne7 38. Kg2 Nxf5 39. Kf1 Ne3+ 40. Ke2 Nd5 41. Kd3 Nf4+ 42. Ke4 Ke6 43.
Rc6 f5# 0-1

[Event "*** Titled Tuesday Blitz"]
[Site "Chess.com"]
[Date "2020.05.26"]
[Round "8"]
[White "Manukyan_Artak"]
[Black "Lovinski"]
[Result "1-0"]
[WhiteElo "2294"]
[BlackElo "2402"]
[TimeControl "180+1"]
[EndTime "11:41:26 PDT"]
[Termination "Manukyan_Artak won by resignation"]

1. e4 e5 2. Nf3 Nc6 3. d4 exd4 4.
Nxd4 Bb4+ 5. c3 Bc5 6. Nxc6 bxc6 7. Bc4 Qh4 8. O-O Nf6 9. Qf3 O-O 10. Nd2 Re8 11. Bd3 d5 12. exd5 cxd5 13. Qg3 Qxg3 14. hxg3 Bg4 15. Nb3 Bb6 16. Bd2 c5 17. Bb5 Re6 18.
Rfe1 a6 19. Rxe6 fxe6 20. Bf1 Ne4 21. Be3 Bf5 22. Rd1 a5 23. a4 Rb8 24. Bb5 Nd6 25.
Nxc5 Bxc5 26. Bxc5 Nxb5 27. axb5 Rxb5 28. b4 a4 29. f3 Bc2 30. Ra1 Bb3 31. Kf2 Kf7 32. Ke3 e5 33. f4 e4 34. g4 Ke6 35. f5+ Kf6 36. Kf4 Kf7 37. Bd4 Rb7 38. g5 Rb8 39. g4 Ra8 40. Ra3 Rc8 41. b5 Rb8 42. b6 Rb7 43. Ke5 Ke7 44. Bc5+ Kd7 45. Kf4 Kc6 46. Be3 Kb5 47. Ra1 Kc4 48. Bd4 Bc2 49. Ra3 Bb3 50. f6 Kd3 51. fxg7 Rxg7 52. Bxg7 e3 53. b7 1-0

[Event "*** Titled Tuesday Blitz"]
[Site "Chess.com"]
[Date "2020.05.26"]
[Round "8"]
[White "Gerasimenyuk_Miha"]
[Black "PawnEatingZombie"]
[Result "1-0"]
[WhiteElo "2403"]
[BlackElo "2257"]
[TimeControl "180+1"]
[EndTime "11:41:27 PDT"]
[Termination "Gerasimenyuk_Miha won on time"]

1. d4 d5 2. Nf3 e6 3. Bg5 Be7 4. h4 Nf6 5. e3 h6 6. Bf4 c5 7. c3 Nc6 8. Nbd2 O-O 9. Bd3 b6 10.
g4 Nxg4 11. Rg1 h5 12. Ng5 e5 13. dxe5 Ncxe5 14. Bxe5 Bxg5 15. Bxg7 Kxg7 16. hxg5 Qxg5 17. Nf3 Qf6 18. Qc2 Rh8 19. Nh2 Kf8 20. Nxg4 hxg4 21.
O-O-O Be6 22. Kb1 Ke7 23. e4 Rh2 24. exd5 Rxf2 25. Qb3 Bf5 26. Rge1+ Kf8 27. Bxf5 Qxf5+ 28. Ka1 Re8 29. Rh1 Ree2 30. Rb1 Rd2 31. c4 Qf3 32. Qb5 Qf6 33. Rhe1 g3 34. Qe8+ Kg7 35. Qe3 g2 36. Qg3+ Qg6 37. Qe5+ Qf6 38. Qg3+ Qg6 39. Qh4 Rf1 40.
Rxf1 gxf1=Q 41. Rxf1 Rg2 42. Qf4 Qc2 43. Qxf7+ Kh6 44.
Qf6+ Kh5 45. Rf5+ Kg4 46. Rg5+ 1-0

[Event "*** Titled Tuesday Blitz"]
[Site "Chess.com"]
[Date "2020.05.26"]
[Round "8"]
[White "dpopadic"]
[Black "ulkaf961"]
[Result "0-1"]
[WhiteElo "2369"]
[BlackElo "2218"]
[TimeControl "180+1"]
[EndTime "11:41:27 PDT"]
[Termination "ulkaf961 won on time"]

1. e4 e6 2. d4 d5 3. e5 c5 4. Qg4 cxd4 5. Nf3 Nc6 6. Bd3 Nge7 7. O-O Ng6 8. Re1 Be7 9. a3 a5 10. c3 dxc3 11. Nxc3 O-O 12. Qh5 Bd7 13. Bd2 Qe8 14. h3 f5 15. Rac1 Ngxe5 16. Qxe8 Nxf3+ 17. gxf3 Raxe8 18. f4 Rf6 19. Kh2 Rh6 20. Rg1 Bh4 21. Rg2 d4 22. Ne2 Rf6 23. Rcg1 Rf7 24. Bc4 Kf8 25. Rd1 g6 26.
Ng3 Bf6 27. Rgg1 Rg7 28. Rge1 e5 29. fxe5 Nxe5 30. Be2 b6 31. f4 Nc6 32. Bf3 Rge7 33. Rxe7 Rxe7 34. Kg2 Nd8 35. Rc1 Ne6 36. Kf2 Nc5 37. Kg2 Nb3 38. Rd1 Ba4 39. Be1 Nc5 40. Ra1 d3 41. Bc3 Bxc3 42. bxc3 d2 43. Kf2 Nd3+ 44. Kg2 Re1 45. Ra2 d1=Q 46. Bxd1 Rxd1 47. Re2 Nxf4+ 0-1

[Event "*** Titled Tuesday Blitz"]
[Site "Chess.com"]
[Date "2020.05.26"]
[Round "8"]
[White "kuba2006"]
[Black "Quiet_Desperation"]
[Result "1-0"]
[WhiteElo "2399"]
[BlackElo "2201"]
[TimeControl "180+1"]
[EndTime "11:41:27 PDT"]
[Termination "kuba2006 won by resignation"]

1. e4 e6 2. d4 d5 3. e5 c5 4.
c3 Nc6 5. Nf3 Bd7 6. Bd3 Rc8 7.
O-O cxd4 8. cxd4 Nb4 9. Nc3 Nxd3 10. Qxd3 Ne7 11. Bg5 h6 12. Bd2 Nf5 13. Rac1 Qb6 14.
g4 Ne7 15. b3 Ng6 16. Na4 Qd8 17. Rxc8 Bxc8 18. Rc1 Be7 19. Qb5+ Kf8 20. Nc5 a6 21. Nxb7 axb5 22. Nxd8 Bd7 23. Nc6 Ba3 24. Bb4+ Bxb4 25. Nxb4 Ke7 26. Rc7 Ra8 27. Kf1 Kd8 28. Rc5 Nf4 29.
Ke1 f6 30. Kd2 h5 31. gxh5 Nxh5 32. exf6 gxf6 33. Ke3 Ng7 34. Kf4 Nf5 35. Nxd5 Nd6 36. Nxf6 Ke7 37. Nxd7 Kxd7 38. Ne5+ Ke7 39. Rc7+ Kf6 40.
Nd7+ Kg6 41. Ke5 Nf5 42. Kxe6 Re8+ 43. Kd5 Re2 44. Ne5+ Kg5 45. Rc5 Kf4 46. Rxb5 Nxd4 47. a4 Rxe5+ 48. Kxd4 Re2 49. a5 1-0

[Event "*** Titled Tuesday Blitz"]
[Site "Chess.com"]
[Date "2020.05.26"]
[Round "8"]
[White "MFBerna"]
[Black "Morshynska"]
[Result "1-0"]
[WhiteElo "2388"]
[BlackElo "2177"]
[TimeControl "180+1"]
[EndTime "11:41:27 PDT"]
[Termination "MFBerna won on time"]

1. e4 Nc6 2. Nf3 d6 3. Bb5 a6 4. Ba4 Bd7 5. c3 g6 6. d4 Bg7 7.
O-O Nf6 8. Re1 O-O 9. Nbd2 Qe8 10. Bb3 e5 11. h3 Nh5 12. Nf1 Kh8 13. Ne3 Ne7 14. dxe5 dxe5 15. Ng4 f6 16. Bh6 Rd8 17.
Bxg7+ Kxg7 18. Qc2 Nf4 19. Kh2 h5 20. Ne3 g5 21.
Rad1 c6 22. Rd2 Bc8 23. Red1 Rxd2 24. Qxd2 Neg6 25. Nf5+ Bxf5 26. exf5 Ne7 27. Qd7 Kh6 28. Qxe8 Rxe8 29. g3 Nfd5 30. c4 Nb6 31. Rd6 Kg7 32.
g4 h4 33. c5 Nbd5 34. Bxd5 Nxd5 35. Nd2 Re7 36. Ne4 Kf7 37. Kg2 Rc7 38. Kf3 a5 39. b3 Kg7 40. a3 Rf7 41. Rd8 Nf4 42. Nd6 Re7 43. Ne8+ 1-0

[Event "*** Titled Tuesday Blitz"]
[Site "Chess.com"]
[Date "2020.05.26"]
[Round "8"]
[White "Paralinch"]
[Black "kuban1991"]
[Result "1-0"]
[WhiteElo "2878"]
[BlackElo "2713"]
[TimeControl "180+1"]
[EndTime "11:41:28 PDT"]
[Termination "Paralinch won by resignation"]

1. e4 g6 2. d4 Bg7 3. Nf3 c6 4. c4 d5 5. exd5 cxd5 6. Nc3 Nf6 7. cxd5 O-O 8. Bc4 Na6 9. O-O Nc7 10. Qb3 b5 11. Nxb5 Rb8 12. Qd3 Nxb5 13. Bxb5 Nxd5 14. Bc4 Bf5 15. Qe2 Qd6 16. Bg5 e6 17. b3 h6 18.
Bh4 Nf4 19. Qd2 g5 20. Bg3 Rfd8 21. Rad1 Rb7 22. Qe3 Rbd7 23. h3 Bg6 24. Rd2 Bh5 25. Rfd1 Qc7 26. d5 exd5 27. Bxd5 Kh8 28. Bxf4 gxf4 29. Qe4 Bg6 30. Qc4 Qa5 31. Bxf7 Bxf7 32. Rxd7 Rxd7 33. Qc8+ Kh7 34. Rxd7 Bh5 35. Qb7 Qc3 36.
Qe4+ Bg6 37. Qxf4 a5 38. Kh2 Kh8 39. Rxg7 Qxg7 40. Qe5 Bb1 41. a3 Ba2 42. b4 axb4 43.
axb4 Qxe5+ 44. Nxe5 Kg7 45. Kg3 Kf6 46. Kf4 Ke6 47. g4 Bd5 48. h4 1-0

[Event "*** Titled Tuesday Blitz"]
[Site "Chess.com"]
[Date "2020.05.26"]
[Round "8"]
[White "JosefineHeinemann"]
[Black "AlexTriapishko"]
[Result "0-1"]
[WhiteElo "2521"]
[BlackElo "2728"]
[TimeControl "180+1"]
[EndTime "11:41:29 PDT"]
[Termination "AlexTriapishko won by resignation"]

1. e4 c6 2. d4 d5 3. Nd2 dxe4 4. Nxe4 Bf5 5. Ng3 Bg6 6. h4 h6 7. Nf3 e6 8. Bd3 Bxd3 9. Qxd3 Nf6 10. Bd2 Be7 11.
O-O-O c5 12. Qb5+ Qd7 13. Qxd7+ Nbxd7 14. dxc5 Bxc5 15. Rhf1 O-O 16. Bc3 Rfd8 17. a3 Rac8 18. Kb1 Nd5 19. Bd4 Nf4 20. Rg1 a6 21. Ne4 Be7 22. g3 Ne2 23. Rge1 Nxd4 24. Rxd4 Nc5 25.
Rxd8+ Rxd8 26. Nxc5 Bxc5 27. Rf1 Rd5 28. g4 h5 29. Nh2 Rd2 30. gxh5 Rxf2 31. Rxf2 Bxf2 32.
Nf3 f6 33. Kc1 Be3+ 34. Kd1 Kh7 35. b3 Kh6 36. Ke2 Bc1 37. a4 e5 38. c4 Kxh5 39. b4 Ba3 40. b5 Kg4 41. bxa6 bxa6 42. Ke3 Bc5+ 43. Ke4 f5+ 44. Kxe5 Kxf3 45. Kxf5 a5 46. Kg6 Bd4 47. c5 Bxc5 48. Kxg7 Kg4 49. Kf6 Kxh4 50. Ke5 Bb4 51. Kd5 Kg4 52. Kc4 Kf4 53. Kb3 Ke4 54. Ka2 Kd4 55. Kb3 Kd3 56. Kb2 Kc4 57. Ka2 Kc3 58.
Ka1 Kb3 59. Kb1 Kxa4 60. Ka1 Kb5 61. Ka2 a4 62. Kb2 Bc5 63. Ka2 Kb4 64. Kb1 Bd4 65.
Ka2 a3 66. Kb1 Kb3 0-1

[Event "*** Titled Tuesday Blitz"]
[Site "Chess.com"]
[Date "2020.05.26"]
[Round "8"]
[White "Dmitry_M1"]
[Black "floplover"]
[Result "1/2-1/2"]
[WhiteElo "2389"]
[BlackElo "2252"]
[TimeControl "180+1"]
[EndTime "11:41:29 PDT"]
[Termination "Game drawn by repetition"]

1. d4 d5 2. c4 e6 3. cxd5 exd5 4.
Nc3 Bb4 5. Nf3 Nf6 6. Qa4+ Nc6 7. Bg5 h6 8. Bh4 g5 9. Bg3 Ne4 10. Rc1 h5 11. h4 g4 12. Ne5 Bxc3+ 13.
bxc3 Nxg3 14. fxg3 Bd7 15. Nxc6 Bxc6 16. Qc2 Qd6 17. Qd3 O-O-O 18. Kd2 Rde8 19. Kc2 a6 20. Qf5+ Kb8 21. Qf4 Qa3 22. Kb1 Bb5 23. e3 Bxf1 24.
Rhxf1 Re6 25. Rf2 Rb6+ 26. Kc2 Re8 27. Kd1 Rc6 28. Rfc2 Rce6 29. Kd2 Qe7 30. Re1 Ka7 31. Qg5 c5 32. Qxd5 cxd4 33. cxd4 Qb4+ 34. Rc3 Rxe3 35.
Rxe3 Rxe3 36. Kxe3 Qxc3+ 37. Kf4 Qd2+ 38. Kf5 Qb2 39. Qc5+ Kb8 40. Qd6+ Ka8 41. Qd8+ Ka7 42. Qd6 Qxa2 43. Qc5+ Kb8 44. Qf8+ Ka7 45. Qc5+ Ka8 46. Qf8+ Ka7 47. Qc5+ 1/2-1/2

[Event "*** Titled Tuesday Blitz"]
[Site "Chess.com"]
[Date "2020.05.26"]
[Round "8"]
[White "bazar-wokzal"]
[Black "ClassyEl"]
[Result "0-1"]
[WhiteElo "2469"]
[BlackElo "2620"]
[TimeControl "180+1"]
[EndTime "11:41:30 PDT"]
[Termination "ClassyEl won on time"]

1. e4 d6 2. f4 c5 3. Nc3 g6 4. Nf3 Bg7 5. d3 Nc6 6. h3 e6 7. g4 Nge7 8. Bg2 Rb8 9. O-O b5 10. Be3 b4 11. Na4 Qa5 12. c3 bxc3 13. bxc3 Bd7 14. e5 Nd5 15. Bd2 Nd8 16. c4 Qxa4 17.
cxd5 exd5 18. exd6 Bxa1 19. Qxa1 O-O 20. Ne5 d4 21.
Qe1 f6 22. Nxd7 Qxd7 23. Qe7 Qe6 24. f5 gxf5 25. Qxe6+ Nxe6 26. Bd5 Kg7 27. Bxe6 fxg4 28. Ba5 gxh3 29. d7 Kg6 30. Bxh3 f5 31. d8=Q Rbxd8 32. Bxd8 Rxd8 33. Bxf5+ Kg7 34. Be6 Rd6 35. Rf7+ Kg6 36. Bc4 a6 37. Rc7 Rb6 38. Rxc5 Rb2 39. Rd5 h5 40.
Rxd4 Kg5 41. Kf1 a5 42. Bb3 h4 43. Kg1 h3 44. Ra4 Kf5 45. d4 Kf4 46. d5+ Kg3 0-1

[Event "*** Titled Tuesday Blitz"]
[Site "Chess.com"]
[Date "2020.05.26"]
[Round "8"]
[White "DinaBelenkaya"]
[Black "Crazy_girl99"]
[Result "0-1"]
[WhiteElo "2257"]
[BlackElo "2405"]
[TimeControl "180+1"]
[EndTime "11:41:30 PDT"]
[Termination "Crazy_girl99 won on time"]

1. e4 e5 2. Nf3 Nc6 3. d4 exd4 4. Nxd4 Nf6 5. Nxc6 bxc6 6. Bd3 d5 7. exd5 cxd5 8.
O-O Be7 9. c4 d4 10. b4 O-O 11.
a3 a5 12. b5 Nd7 13. Qf3 Rb8 14. Re1 Bf6 15. Nd2 Ne5 16. Rxe5 Bxe5 17. Qe4 Bxh2+ 18. Kxh2 g6 19. Qf4 Re8 20. Nf3 Rb6 21. Bb2 c5 22.
Bc1 Rf6 23. Qg3 Bf5 24. Bxf5 Rxf5 25. Bd2 a4 26. Rb1 Re6 27. Kg1 Kg7 28. Rb2 Rh5 29. Qf4 Rf6 30. Qg4 Re6 31. g3 Rf5 32. Kg2 Qa8 33.
b6 h5 34. b7 Qxb7 35. Qxf5 Qxb2 36. Qxc5 d3 37. Qd4+ Qxd4 38. Nxd4 Re8 39. c5 Rc8 40.
c6 Kf8 41. Bf4 f6 42. Kf1 Kf7 43. c7 Ke7 44. Nb5 g5 45. Bd6+ Kd7 46. Ke1 Ra8 47.
Bb4 Kc6 48. Nd4+ Kxc7 49. Ne6+ Kc6 50. Nd4+ Kd5 51. Nf3 Kc4 52. Kd2 Re8 53. Ne1 Re2+ 54. Kd1 Rxf2 55. g4 Ra2 0-1

[Event "*** Titled Tuesday Blitz"]
[Site "Chess.com"]
[Date "2020.05.26"]
[Round "8"]
[White "Indianlad"]
[Black "RaunakSadhwani2005"]
[Result "1/2-1/2"]
[WhiteElo "2980"]
[BlackElo "2842"]
[TimeControl "180+1"]
[EndTime "11:41:31 PDT"]
[Termination "Game drawn by agreement"]

1. Nf3 d5 2. e3 Nf6 3. c4 c6 4. Nc3 e6 5. b3 Nbd7 6. Bb2 Bd6 7. d4 O-O 8. Be2 b6 9. O-O Bb7 10. Qc2 Qe7 11. Rad1 Rac8 12. e4 dxe4 13. Nxe4 Nxe4 14. Qxe4 f5 15. Qe3 c5 16. d5 exd5 17. Qxe7 Bxe7 18.
cxd5 Bf6 19. Bb5 Rcd8 20. Bc1 Ne5 21. Nxe5 Bxe5 22. Bg5 Bf6 23. Bf4 a6 24. Bc6 Bxc6 25.
dxc6 Rxd1 26. Rxd1 Bd4 27. c7 Kf7 28. Re1 Rc8 29.
Bd6 Bf6 30. h3 b5 31. g4 fxg4 32. hxg4 c4 33. bxc4 bxc4 34. f4 c3 35. Re4 c2 36.
Rc4 Ke6 37. Bb4 Kd7 38. Ba5 g5 39. f5 Be5 40. Rxc2 Bxc7 41. Bxc7 Rxc7 42. Rxc7+ Kxc7 43. Kf2 Kd6 44. a4 a5 45. Kf3 Ke5 46. Ke3 h5 47. gxh5 Kxf5 48. Kf3 g4+ 49. Kg3 Kg5 50. h6 Kxh6 51.
Kxg4 Kg6 1/2-1/2

[Event "*** Titled Tuesday Blitz"]
[Site "Chess.com"]
[Date "2020.05.26"]
[Round "8"]
[White "Cocaino74"]
[Black "Alopekos"]
[Result "0-1"]
[WhiteElo "2367"]
[BlackElo "2514"]
[TimeControl "180+1"]
[EndTime "11:41:31 PDT"]
[Termination "Alopekos won by resignation"]

1. e4 c5 2. Nf3 e6 3. c3 Nf6 4. e5 Nd5 5. g3 d6 6. Bg2 Nc6 7. d4 cxd4 8. cxd4 g6 9. Nc3 Nxc3 10. bxc3 dxe5 11. Nxe5 Nxe5 12. dxe5 Qxd1+ 13. Kxd1 Bc5 14. Ke2 Kd7 15. Rb1 Kc7 16. Rb5 b6 17. Rxc5+ bxc5 18. Bxa8 Ba6+ 19. Ke3 Rxa8 20. Ba3 Rd8 21. Bxc5 Rd3+ 22.
Kf4 Rxc3 23. Bxa7 h6 24. Bd4 g5+ 25. Kg4 Be2+ 26. Kh3 Rc4 27. Be3 Kb7 28. Rb1+ Ka6 29. Rb6+ Ka5 30. Rb7 Bh5 31. Kg2 Rc2 32. h3 Bg6 33.
Ra7+ Kb5 34. g4 Kc6 35. Kg3 Kd5 36. Ra5+ Ke4 37. Bc1 Rxc1 38. f3+ Ke3 39. Ra3+ Ke2 40. Ra4 Rg1+ 41. Kh2 Rf1 42. Rb4 Rxf3 43. Rb2+ Ke3 44. Rb3+ Kf4 45. Rxf3+ Kxf3 46. a4 Kf4 47. a5 Kxe5 48.
a6 Be4 49. a7 Kf4 0-1